 Dungeon Crawl Stone Soup version 0.20-a0-1089-g3fde505 (webtiles) character file.

7966 theAP the Basher (level 11, -5/72 HPs)
             Began as a Gargoyle Fighter on May 3, 2017.
             Was the Champion of Okawaru.
             Slain by a thrashing horror (7 damage)
             ... on level 1 of the Abyss.
             The game lasted 00:18:06 (8161 turns).

theAP the Basher (Gargoyle Fighter)                 Turns: 8161, Time: 00:18:08

Health: -5/72      AC: 26    Str: 29    XL:     11   Next: 23%
Magic:  11/11      EV:  5    Int:  8    God:    Okawaru [******]
Gold:   459        SH: 11    Dex: 10    Spells: 10/10 levels left

rFire    . . .     SeeInvis .   B - +4 whip (freeze)
rCold    . . .     Gourm    .   c - +1 shield
rNeg     + + .     Faith    +   p - +0 plate armour
rPois    ∞         Spirit   .   (no helmet)
rElec    +         Reflect  .   g - +2 ratskin cloak {+Rats rPois rN+ Str-1 Int-1 Dex+1}
rCorr    .         Harm     .   s - +0 pair of gloves
MR       .....                  (no boots)
Stlth    ..........             j - amulet of faith
Regen    0.3/turn               r - +4 ring of strength
MPRegen  0.2/turn               t - +3 ring of strength

@: no status effects
A: negative energy resistance 1, electricity resistance, unbreathing,
petrification resistance, rot immunity, AC +7
a: Heroism, Finesse, Renounce Religion, Evoke Ratskin


You were on level 1 of the Abyss.
You worshipped Okawaru.
Okawaru was exalted by your worship.
You were not hungry.

You visited 2 branches of the dungeon, and saw 10 of its levels.
You visited the Abyss 1 time.

You collected 459 gold pieces.

Inventory:

Hand Weapons
 a - a +0 flail
 i - a +2 whip of venom
 B - a +4 whip of freezing (weapon)
Armour
 b - a +0 scale mail
 c - a +1 shield (worn)
 d - the +1 ring mail "Cual" {Int+2}
   (You found it on level 8 of the Dungeon)

   It affects your intelligence (+2).
 g - the +2 ratskin cloak (worn) {+Rats rPois rN+ Str-1 Int-1 Dex+1}
   (Okawaru gifted it to you on level 8 of the Dungeon)

   It affects your strength (-1).
   It affects your intelligence (-1).
   It affects your dexterity (+1).
   It protects you from poison.
   It protects you from negative energy.
 p - a +0 plate armour (worn)
 s - a +0 pair of gloves (worn)
 H - a +2 plate armour of fire resistance
Jewellery
 j - an amulet of faith (around neck)
 r - a +4 ring of strength (left hand)
 t - a +3 ring of strength (right hand)
Wands
 n - a wand of polymorph (11/24)
 u - a wand of scattershot (1/9)
 w - a wand of paralysis (14/24)
 x - a wand of polymorph (10/24)
 z - a wand of iceblast (11/15)
 A - a wand of acid (1/15)
 J - a wand of iceblast (8/15)
 K - a wand of confusion (30/48)
Scrolls
 e - 2 scrolls of enchant armour
 k - 5 scrolls of teleportation
 l - 3 scrolls of remove curse
 q - a scroll of magic mapping
 y - a scroll of fog
 F - 3 scrolls of amnesia
Potions
 m - a potion of cancellation
 o - a potion of might
 v - a potion of degeneration
 D - a potion of brilliance {unknown}
 G - 2 potions of agility
 M - a potion of mutation {unknown}
Books
 h - a book of Cantrips

   Spells                             Type                      Level
   a - Confusing Touch                Hexes                        1
   b - Animate Skeleton               Necromancy                   1
   c - Summon Small Mammal            Summoning                    1
   d - Apportation                    Translocation                1
 L - a book of Misfortune

   Spells                             Type                      Level
   a - Confusing Touch                Hexes                        1
   b - Confuse                        Hexes                        3
   c - Gell's Gravitas                Translocation                3
   d - Petrify                        Transmutation/Earth          4
   e - Metabolic Englaciation         Hexes/Ice                    5
   f - Yara's Violent Unravelling     Hexes/Transmutation          5
Comestibles
 f - 11 bread rations
 C - 2 royal jellies
 E - 4 meat rations


   Skills:
 + Level 9.9 Fighting
 * Level 11.8 Maces & Flails
 + Level 10.2 Armour
 - Level 3.2 Shields


You had 10 spell levels left.
You didn't know any spells.

Dungeon Overview and Level Annotations

Branches:
Dungeon (9/15)             Temple (1/1) D:4
   Lair: D:8-11         Orc: D:9-12

Altars:
Ashenzari
Cheibriados
Dithmenos
Elyvilon
Fedhas
Gozag
Hepliaklqana
Kikubaaqudgha
Makhleb
Nemelex Xobeh
Okawaru
Qazlal
Ru
Sif Muna
Trog
Uskayaw
Vehumet
Wu Jian
Xom
Yredelemnul
Zin

Shops:
D:4 ?

Annotations:
D:9 Erolcha


Innate Abilities, Weirdness & Mutations

You are resistant to torment.
Your stone body is resilient. (AC +7)
You are immune to poison.
You resist negative energy. (rN+)
You are resistant to electric shocks. (rElec)
You can survive without breathing.
You are immune to petrification.
You are immune to rotting.


Message History

The thrashing horror is severely damaged.
You block the thrashing horror's attack. x2
The thrashing horror tramples you.
* * * LOW HITPOINT WARNING * * *
You stumble backwards!
You barely miss the thrashing horror.
The thrashing horror is severely damaged.
The thrashing horror closely misses you.
The thrashing horror tramples you but does no damage.
You hit the thrashing horror but do no damage.
The thrashing horror is severely damaged.
The thrashing horror churns violently!
The thrashing horror seems to grow stronger.
You barely miss the thrashing horror.
The thrashing horror is severely damaged.
The thrashing horror tramples you but does no damage. x2
You barely miss the thrashing horror.
The thrashing horror is severely damaged.
The thrashing horror tramples you!
You die...

.. #..
#.#
#.###
#.#..
#...#
##.#.#
##@#.#
#X..##
####.#
#..##
###. #
#?..##
# #.#
## #
##.#


You could see a thrashing horror.

Vanquished Creatures
  Erica (D:8)
  The ghost of George the Carver, a novice MiFi of Makhleb (D:8)
  A wizard (D:8)
  Pikel (D:8)
  2 orc sorcerers (D:8)
  Joseph (D:8)
  Psyche (D:8)
  A troll (D:9)
  6 yaks (D:7)
  Eustachio (D:6)
  A hungry ghost (D:7)
  A water moccasin (D:7)
  An orc warrior (D:7)
  A sky beast (D:4)
  An ice beast (D:7)
  A slave (D:8)
  A phantom (D:9)
  3 ogres
  A small abomination (Abyss:1)
  2 centaurs
  A big kobold (D:8)
  Blork the orc (D:4)
  2 bullfrogs
  A scorpion (D:6)
  12 killer bees (D:8)
  3 wights (D:9)
  3 howler monkeys
  2 jellies
  A quasit (D:7)
  2 bullfrog zombies
  3 hounds
  An orc wizard (D:7)
  2 bullfrog skeletons
  3 centaur skeletons
  A gnoll shaman (D:6)
  Ijyb (D:3)
  Terence (D:3)
  4 iguanas
  5 worker ants
  A hound zombie (D:5)
  A howler monkey zombie (D:8)
  6 gnolls
  5 adders
  4 shadow imps
  An ooze (D:2)
  2 adder skeletons
  3 worms
  A dart slug (D:1)
  5 leopard geckos
  21 orcs
  3 ball pythons
  4 giant cockroaches
  A goblin (D:1)
  4 hobgoblins (D:2)
  16 jackals
  4 quokkas
  7 bats
  6 frilled lizards
  A giant cockroach zombie (D:6)
  12 kobolds
  3 leopard gecko skeletons
  A quokka skeleton (D:6)
  6 rats
196 creatures vanquished.

Vanquished Creatures (others)
  3 slaves (D:8)
  A kobold (D:8)
4 creatures vanquished.

Grand Total: 200 creatures vanquished

Notes
Turn   | Place    | Note
-------+----------+-------------------------------------------
     0 | D:1      | theAP the Gargoyle Fighter began the quest for the Orb.
     0 | D:1      | Reached XP level 1. HP: 14/14 MP: 1/1
   349 | D:1      | Reached XP level 2. HP: 19/19 MP: 2/2
  1044 | D:2      | Reached XP level 3. HP: 21/23 MP: 3/3
  1530 | D:2      | Reached XP level 4. HP: 29/29 MP: 4/4
  1772 | D:3      | Noticed Ijyb
  1806 | D:3      | Reached skill level 3 in Maces & Flails
  1817 | D:3      | Killed Ijyb
  2047 | D:3      | Reached XP level 5. HP: 33/33 MP: 5/5
  2175 | D:3      | Noticed Terence
  2187 | D:3      | Killed Terence
  2552 | D:4      | Reached skill level 4 in Maces & Flails
  2558 | D:4      | Found Gapixyno's Magic Scroll Boutique.
  2631 | D:4      | Found a staircase to the Ecumenical Temple.
  2647 | Temple   | Entered the Ecumenical Temple
  2952 | D:4      | Found an iron altar of Okawaru.
  2968 | D:4      | Became a worshipper of Warmaster Okawaru
  2971 | D:4      | Noticed a sky beast
  2984 | D:4      | Killed a sky beast
  2984 | D:4      | Reached * piety under Okawaru
  2984 | D:4      | Reached skill level 5 in Armour
  2984 | D:4      | Reached XP level 6. HP: 39/39 MP: 6/6
  3063 | D:4      | Noticed Blork the orc
  3073 | D:4      | Killed Blork the orc
  3304 | D:4      | Reached skill level 5 in Fighting
  3304 | D:4      | Reached XP level 7. HP: 44/44 MP: 7/7
  3352 | D:4      | Reached skill level 5 in Maces & Flails
  3562 | D:5      | Entered Level 5 of the Dungeon
  3588 | D:5      | You fall through a shaft for 3 floors!
  3626 | D:8      | Noticed Joseph
  3643 | D:8      | Noticed Pikel
  3658 | D:8      | Killed Joseph
  3658 | D:8      | Reached ** piety under Okawaru
  3658 | D:8      | Reached *** piety under Okawaru
  3658 | D:8      | Reached skill level 6 in Maces & Flails
  3658 | D:8      | Reached XP level 8. HP: 30/51 MP: 8/8
  3673 | D:8      | Killed Pikel
  3673 | D:8      | Reached **** piety under Okawaru
  3673 | D:8      | Reached skill level 7 in Maces & Flails
  3723 | D:8      | Noticed Psyche
  3749 | D:8      | Reached ***** piety under Okawaru
  3837 | D:8      | Got a jewelled ring mail
  3859 | D:7      | Identified the +1 ring mail "Cual" {Int+2} (You found it on level 8 of the Dungeon)
  4105 | D:6      | Noticed Eustachio
  4112 | D:6      | Killed Eustachio
  4112 | D:6      | Reached skill level 8 in Maces & Flails
  4112 | D:6      | Reached XP level 9. HP: 57/57 MP: 9/9
  4259 | D:5      | Noticed a hand axe
  4259 | D:5      | Found a hide-covered altar of Uskayaw.
  4260 | D:5      | Noticed a hand axe
  4927 | D:6      | Found an ancient bone altar of Kikubaaqudgha.
  5439 | D:7      | Reached skill level 9 in Maces & Flails
  5609 | D:7      | Reached XP level 10. HP: 36/64 MP: 10/10
  5615 | D:7      | Reached ****** piety under Okawaru
  5726 | D:7      | Reached skill level 10 in Maces & Flails
  5813 | D:7      | Found a white marble altar of Elyvilon.
  6150 | D:8      | Noticed Erica
  6164 | D:8      | Killed Erica
  6251 | D:8      | Found a hazy altar of Hepliaklqana.
  6434 | D:8      | Received a gift from Okawaru
  6493 | D:8      | Noticed an orc sorcerer
  6494 | D:8      | Noticed an orc sorcerer
  6494 | D:8      | Noticed a wizard
  6641 | D:8      | Paralysed by an orc sorcerer for 6 turns
  6660 | D:8      | Killed a wizard
  6669 | D:8      | HP: 3/66 [orc sorcerer/bolt of negative energy (5)]
  6682 | D:8      | Killed an orc sorcerer
  6682 | D:8      | Reached skill level 11 in Maces & Flails
  6683 | D:8      | Killed an orc sorcerer
  6683 | D:8      | Received a gift from Okawaru
  7061 | D:8      | Noticed George's ghost (novice MiFi)
  7106 | D:8      | Killed George's ghost
  7106 | D:8      | Reached skill level 10 in Armour
  7106 | D:8      | Reached XP level 11. HP: 61/72 MP: 11/11
  7244 | D:8      | Killed Psyche
  7276 | D:8      | Found a shattered altar of Ashenzari.
  8025 | D:9      | Noticed Erolcha
  8026 | D:9      | Cast into level 1 of the Abyss (Erolcha)
  8114 | Abyss:1  | Noticed a thrashing horror
  8135 | Abyss:1  | Noticed a thrashing horror
  8135 | Abyss:1  | HP: 2/72 [thrashing horror (3)]
  8140 | Abyss:1  | Noticed a starcursed mass
  8149 | Abyss:1  | HP: 3/72 [thrashing horror (8)]
  8157 | Abyss:1  | HP: 1/72 [thrashing horror (3)]
  8161 | Abyss:1  | Slain by a thrashing horror

Vault maps used:
D:1:      dpeg_arrival_rooms_c
D:2:      kennysheep_six_static_rooms, first_bread
D:3:      st_stairs_14, uniq_ijyb, uniq_terence
D:4:      okawaru_ov_weapons_minmay, temple_green, serial_shops, shop,
          uniq_blork_the_orc
D:5:      dancing_weapons_uskayaw, minmay_misc_feat_enclosed
D:6:      kennysheep_little_box, uniq_eustachio
D:7:      grunt_ogre_cave, elyvilon_altar_4
D:8:      cheibrodos_wizards_tower, nicolae_overflow_crystal_walls,
          kennysheep_mini_moat, uniq_joseph, uniq_psyche, uniq_pikel, uniq_erica
D:9:      tso_metal_star, basic_altar, minivault_1, uniq_erolcha
Temple:   regret_index_temple_sphere_string

Skill      XL: |  1  2  3  4  5  6  7  8  9 10 |
---------------+-------------------------------+-----
Armour         | 4 5 6 7 8 10 | 10.2
Maces & Flails | 3 4 6 8 9 11 | 11.8
Fighting       | 4 5 7 8 9 |  9.9
Shields        | |  3.2

Action                   |  1- 3 |  4- 6 |  7- 9 | 10-12 || total
-------------------------+-------+-------+-------+-------++-------
Melee: Whip              |   120 |   186 |   321 |   367 ||   994
       Flail             |     2 |       |       |       ||     2
Evoke: Wand              |       |       |       |     4 ||     4
  Use: Scroll            |       |    12 |    10 |     1 ||    23
       Potion            |       |       |     3 |     3 ||     6
  Eat: Chunk             |     2 |     6 |     7 |     3 ||    18
       Fruit             |       |       |       |     6 ||     6
       Royal jelly       |       |       |       |     1 ||     1
Armor: Scale mail        |     9 |       |       |       ||     9
       Plate armour      |    73 |    78 |   170 |   196 ||   517
Dodge: Dodged            |    27 |    40 |    56 |    54 ||   177
Block: Shield            |    76 |    73 |   130 |   171 ||   450
